 Dungeon Crawl Stone Soup version 0.31-a0-640-g39d97e502b (webtiles) character file.

Game seed: 6740251278827955765

14 qw the Shooter (level 2, 0/17 HPs)
             Began as a Gargoyle Hunter on Aug 27, 2023.
             Slain by a jackal (1 damage)
             ... on level 1 of the Dungeon.
             The game lasted 00:00:11 (544 turns).

qw the Shooter (Gargoyle Hunter)                     Turns: 544, Time: 00:00:12

Health: 0/17       AC:  5    Str: 14    XL:     2   Next: 41%
Magic:  2/2        EV: 11    Int:  9    God:
Gold:   55         SH:  0    Dex: 13    Spells: 1/1 levels left

rFire   . . .        a - +0 shortbow
rCold   . . .        (shield currently unavailable)
rNeg    + . .        c - +0 leather armour
rPois   inf          (no helmet)
rElec   +            (no cloak)
rCorr   .            (no gloves)
SInv    .            (no boots)
Will    .....        (no amulet)
Stlth   +            (no ring)
HPRegen 0.22/turn    (no ring)
MPRegen 0.08/turn

%: no passive effects
@: no status effects
A: sickness immunity, AC +2, negative energy resistance 1, electricity
resistance, torment resistance 1, petrification resistance
a: no special abilities


You were on level 1 of the Dungeon.
You visited 1 branch of the dungeon, and saw 1 of its levels.

You collected 55 gold pieces.


Innate Abilities, Weirdness & Mutations

You are immune to sickness and miasma.
Your stone body is resilient. (AC +2)
You are immune to poison.
You resist negative energy. (rN+)
You are resistant to electric shocks. (rElec)
You are resistant to unholy torment.
You are immune to petrification.


   Skills:
 - Level 2.1 Fighting
 + Level 4.6 Ranged Weapons
 - Level 1.5 Dodging
 - Level 1.1 Stealth


You had one spell level left.
You didn't know any spells.
Your spell library was empty.

Inventory:

Hand Weapons
 a - a +0 shortbow (weapon)
Armour
 c - a +0 leather armour (worn)
Scrolls
 b - a scroll of butterflies
 h - 2 scrolls of identify {unknown}
 k - a scroll of amnesia {unknown}
Potions
 d - a potion of haste {unknown}
 e - 2 potions of lignification {unknown}
 f - a potion of might {unknown}
 g - a potion of magic {unknown}
 i - a potion of attraction {unknown}
 j - a potion of brilliance {unknown}

Dungeon Overview and Level Annotations

Branches:
Dungeon (1/15)

Altars:


Message History

You shoot an arrow. The arrow hits the hobgoblin.
You kill the hobgoblin!
The jackal bites you but does no damage. x2
You shoot an arrow. The arrow closely misses the jackal.
The jackal bites you. x2; The jackal closely misses you.
The jackal bites you but does no damage.
The jackal bites you. x2
You shoot an arrow. The arrow barely misses the jackal.
The jackal bites you but does no damage. x3
The jackal barely misses you.
You shoot an arrow. The arrow closely misses the jackal.
The jackal misses you.
The jackal bites you but does no damage.
The jackal barely misses you. The jackal bites you.
The jackal barely misses you.
You shoot an arrow. The arrow hits the jackal.
You kill the jackal!
The jackal bites you. The jackal barely misses you.
The jackal bites you but does no damage.
You shoot an arrow. The arrow hits the jackal.
The jackal is almost dead.
The jackal bites you. The jackal closely misses you.
The jackal barely misses you.
You shoot an arrow.
The arrow hits the jackal but does no damage.
The jackal is almost dead.
The jackal bites you but does no damage.
The jackal barely misses you. x2
The jackal bites you but does no damage.
You shoot an arrow. The arrow barely misses the jackal.
The jackal bites you.
The jackal bites you but does no damage.
You shoot an arrow. The arrow hits the jackal.
You kill the jackal!
The jackal barely misses you.
The jackal bites you but does no damage.
You shoot an arrow.
The arrow hits the jackal but does no damage.
The jackal bites you.
You die...

# ####.......# ### # #.#####.# .#
#.. # #.# #.# .# ### ## #.# #.#
.# #. ># #.# #.# .# . #.
.#####+#####.# .# ... #.
............)# .##.... #.#.
....#%.......####....... #...
.##.'...........@.....$##...#....
.####............h.....#...###...
.# #.......######....##...# #...
.# #....(..# ....#....# #.## .#
#.......# ..##....# #... .#
###....## ..#.....# #### .#
#....# .#.....# ### .# #....#
##_....# #.. .# ######
#.....####.#


You could see a jackal.

Vanquished Creatures
  A hobgoblin (D:1)
  2 jackals (D:1)
  2 quokkas (D:1)
  3 ball pythons (D:1)
  A bat (D:1)
  2 frilled lizards (D:1)
  A kobold (D:1)
  2 rats (D:1)
14 creatures vanquished.

Notes
Turn   | Place    | Note
-------+----------+-------------------------------------------
     0 | D:1      | qw the Gargoyle Hunter began the quest for the Orb.
     0 | D:1      | Reached XP level 1. HP: 12/12 MP: 1/1
     0 | D:1      | 0 ||| qw: Version: 0.3-a-74-g0d5e918
     0 | D:1      | 0 ||| qw: Game counter: 172
     0 | D:1      | 0 ||| qw: Melee chars always use a shield: true
     0 | D:1      | 0 ||| qw: God list: Okawaru
     0 | D:1      | 0 ||| qw: Allow faded altars: false
     0 | D:1      | 0 ||| qw: Do Orc after clearing Dungeon:15 true
     0 | D:1      | 0 ||| qw: Do second Lair branch before Depths: true
     0 | D:1      | 0 ||| qw: Lair rune preference: random
     0 | D:1      | 0 ||| qw: Goals: Normal
     0 | D:1      | 0 ||| PLANNING D:1-11
     6 | D:1      | Noticed a swamp worm
     6 | D:1      | Noticed a wolf
     6 | D:1      | Noticed an iguana
     7 | D:1      | Noticed a scorpion
     7 | D:1      | Noticed a polar bear
   134 | D:1      | Found a faded altar of an unknown god.
   424 | D:1      | Reached XP level 2. HP: 17/17 MP: 2/2
   432 | D:1      | HP: 4/17 [quokka (2)]
   538 | D:1      | HP: 4/17 [jackal (2)]
   540 | D:1      | HP: 1/17 [jackal (1)]
   544 | D:1      | Slain by a jackal

Levels and vault maps discovered:
D:1:      onia_arrival_zoo_common, layout_basic,
          hellmonk_ecumenical_altar_zigzags, minmay_shallow_snake_nest

Action                     || total
---------------------------++-------
   Fire: Shortbow          ||    53
 Armour: Leather armour    ||    23
  Dodge: Dodged            ||    21

Table legend:
 A = Non-vault XP
 B = Vault XP
 C = Vault XP percentage of total XP
 D = Non-vault monster count
 E = Vault monster count
 F = Vault count percentage of total count
                 A         B        C        D         E       F
            +---------+---------+-------+---------+---------+-------
      Total |      20 |       0 |   0.0 |      14 |       0 |   0.0
            +---------+---------+-------+---------+---------+-------
        D:1 |      20 |       0 |   0.0 |      14 |       0 |   0.0
            +---------+---------+-------+---------+---------+-------
